 Seeded DCSS version 0.28-a0-1447-ga5a8893891 (webtiles) character file.

Game seed: 18446744073709551615 (custom seed)

51 lonewolfV2 the Skirmisher (level 3, -4/33 HPs)
             Began as a Hill Orc Fighter on Jan 10, 2022.
             Slain by a phantom (7 damage)
             ... on level 4 of the Dungeon.
             The game lasted 00:00:59 (665 turns).

lonewolfV2 the Skirmisher (Hill Orc Fighter)         Turns: 665, Time: 00:00:59

Health: -4/33      AC:  7    Str: 20    XL:     3   Next: 81%
Magic:  3/3        EV:  9    Int:  8    God:
Gold:   67         SH:  4    Dex: 10    Spells: 2/2 levels left

rFire   . . .      SeeInvis .   a - +0 war axe
rCold   . . .      Faith    .   c - +0 buckler
rNeg    . . .      Spirit   .   b - +0 scale mail
rPois   .          Reflect  .   (no helmet)
rElec   .          Harm     .   (no cloak)
rCorr   .          Rampage  .   (no gloves)
Will    .....                   (no boots)
Stlth   ..........              (no amulet)
HPRegen 0.11/turn               (no ring)
MPRegen 0.08/turn               (no ring)

@: no status effects
A: no striking features
a: no special abilities


You were on level 4 of the Dungeon.
You visited 1 branch of the dungeon, and saw 4 of its levels.

You collected 67 gold pieces.

Inventory:

Hand Weapons
 a - a +0 war axe (weapon)
Armour
 b - a +0 scale mail (worn)
 c - a +0 buckler (worn)
Scrolls
 f - a scroll of teleportation
Potions
 d - a potion of might
 e - a potion of flight {unknown}
 g - a potion of heal wounds {unknown}


   Skills:
 + Level 4.1 Fighting
 + Level 3.8 Axes
 + Level 3.7 Armour
 + Level 3.7 Shields


You had 2 spell levels left.
You didn't know any spells.
Your spell library contained the following spells:

 Spells                   Type           Power      Damage    Failure   Level
 Animate Skeleton         Necr           0%         N/A       85%         1
 Apportation              Tloc           0%         N/A       85%         1
 Summon Small Mammal      Summ           0%         N/A       85%         1


Dungeon Overview and Level Annotations

Branches:
Dungeon (4/15)
 Temple: D:4-7

Altars:


Message History

The phantom is severely damaged.
You slash the giant cockroach!
You kill the giant cockroach!
You block the phantom's attack.
You hit the phantom but do no damage.
The phantom is severely damaged.
You block the phantom's attack.
The phantom hits you but does no damage.
You miss the phantom.
The phantom is heavily damaged.
You hit the black bear but do no damage.
The black bear bites you but does no damage.
The black bear closely misses you. You block the black bear's attack.
The phantom hits you but does no damage.
A jackal comes into view.
The black bear bites you. You block the black bear's attack. x2
The jackal barks!
You hit the phantom but do no damage.
The phantom is heavily damaged.
You slash the black bear!
You hear a shout!
The phantom hits you but does no damage.
The black bear bites you but does no damage.
The black bear claws you.
* * * LOW HITPOINT WARNING * * *
The black bear barely misses you. The phantom barely misses you.
You miss the phantom.
The phantom is heavily damaged.
You slash the black bear!
The black bear bites you but does no damage.
The black bear claws you but does no damage. x2
The phantom hits you.
* * * LOW HITPOINT WARNING * * *
The phantom blinks!
You blink.
Found a ring mail.
The phantom hits you.
* * * LOW HITPOINT WARNING * * *
You barely miss the phantom.
The phantom is heavily damaged.
The phantom hits you!
You die...

# ##########
.........# .
........@##### .
.[......W....#.#
########.h...#.##.
##.........
#......###
##.h..### #.....#
#..ยง..# #<....#


You could see a phantom, a black bear and a jackal.

Vanquished Creatures
  Robin (D:3)
  2 adders (D:3)
  A giant cockroach (D:4)
  2 hobgoblins (D:3)
  A jackal (D:1)
  A bat (D:3)
  13 goblins
21 creatures vanquished.

Notes
Turn   | Place    | Note
-------+----------+-------------------------------------------
     0 | D:1      | lonewolfV2 the Hill Orc Fighter began the quest for the
                  | Orb.
     0 | D:1      | Reached XP level 1. HP: 19/19 MP: 1/1
    51 | D:1      | Found a faded altar of an unknown god.
   191 | D:3      | Noticed Robin
   192 | D:3      | Reached XP level 2. HP: 19/27 MP: 2/2
   198 | D:3      | Reached skill level 4 in Fighting
   200 | D:3      | Reached XP level 3. HP: 4/33 MP: 3/3
   202 | D:3      | Killed Robin
   647 | D:4      | Noticed a phantom
   653 | D:4      | Noticed a black bear
   665 | D:4      | Slain by a phantom

Illustrated notes

Levels and vault maps discovered:
D:1:      erik_arrival_orb_chamber, layout_rooms,
          hellmonk_ecumenical_altar_pennies_from_heaven, corexii_hall_statues_u
D:2:      layout_loops_ring
D:3:      layout_basic, uniq_crazy_yiuf_cottage, uniq_robin, uniq_grinder
D:4:      layout_rooms, serial_co_window_serial, co_window_paths_b,
          co_window_cross_1, co_window_corner_a, co_window_corner_a,
          co_window_paths_b, co_window_corner_b, co_window_of_opportunity_c,
          co_window_broadway_c, co_window_cross_3, co_window_of_opportunity_c,
          co_window_cross_2, co_window_of_opportunity_c, glass_columns_a,
          columned_hall_lemuel, hangedman_decor_riveting, uniq_menkaure

Skill      XL: |  1  2 |
---------------+-------+-----
Axes           | 3 |  3.8
Fighting       | 4 |  4.1
Armour         | |  3.7
Shields        | |  3.7

Action                   || total
-------------------------++-------
Melee: War axe           ||    42
  Use: Scroll            ||     1
Armor: Scale mail        ||    39
Dodge: Dodged            ||    34
Block: Buckler           ||    26

Table legend: (Time is in decaauts)
 A = Elapsed time spent in this place.
 B = Non-inter-level travel time spent in this place.
 C = Inter-level travel time spent in this place.
 D = Time resting spent in this place.
 E = Time spent auto-exploring this place.
 F = Levels seen in this place.
 G = Mean time per level.
                   A        B        C        D        E       F      G
               +--------+--------+--------+--------+--------+-----+--------+
         Total |    681 |    681 |      0 |      0 |    498 |   4 |  170.2 |
       Dungeon |    681 |    681 |      0 |      0 |    498 |   4 |  170.2 |
               +--------+--------+--------+--------+--------+-----+--------+

Top non-repeatable levels by time:
     D:3: 473 daAuts
     D:1: 182 daAuts
     D:4: 21 daAuts
     D:2: 3 daAuts
